 Dungeon Crawl Stone Soup version 0.28.0-62-gf88900778d (webtiles) character file.

Game seed: 22173994087231160

112 tkbsonic5 the Insei (level 4, 0/25 HPs)
             Began as a Vine Stalker Monk on Mar 3, 2023.
             Slain by a black bear (1 damage)
             ... on level 2 of the Dungeon.
             The game lasted 00:06:07 (1935 turns).

tkbsonic5 the Insei (Vine Stalker Monk)             Turns: 1935, Time: 00:06:09

Health: 0/25       AC:  3    Str: 15 (16) XL:     4   Next: 95%
Magic:  0/5        EV: 13    Int:  7 (10) God:
Gold:   20         SH:  0    Dex: 16      Spells: 3/3 levels left

rFire   . . .      SeeInvis .     - Unarmed
rCold   . . .      Faith    .   b - orb {*Rage}
rNeg    . . .      Spirit   +   a - +0 robe
rPois   .          Reflect  .   (no helmet)
rElec   .          Harm     .   (no cloak)
rCorr   .          Rampage  .   (no gloves)
Will    .....      Rage     20% g - +0 pair of boots
Stlth   +++.......              (no amulet)
HPRegen 0.88/turn               (no ring)
MPRegen 0.09/turn               (no ring)

@: on berserk cooldown, slowed, very slow
A: fangs 2, regeneration 1, magic shield, antimagic bite, no potion heal 2
a: no special abilities


You were on level 2 of the Dungeon.
You visited 1 branch of the dungeon, and saw 2 of its levels.

You collected 20 gold pieces.

Inventory:

Armour
 a - a +0 robe (worn)
 b - an orb of wrath (worn)
 g - a +0 pair of boots (worn)


   Skills:
 * Level 3.6 Fighting
 + Level 2.6 Dodging
 + Level 3.5 Stealth
 * Level 4.1 Unarmed Combat


You had 3 spell levels left.
You didn't know any spells.
Your spell library contained the following spells:

 Spells                   Type           Power      Damage    Failure   Level
 Gell's Gravitas          Tloc           0%         N/A       80%         3
 Lesser Beckoning         Tloc           0%         N/A       80%         3
 Teleport Other           Tloc           0%         N/A       80%         3


Dungeon Overview and Level Annotations

Branches:
Dungeon (2/15)

Altars:


Innate Abilities, Weirdness & Mutations

You have extremely sharp teeth.
Your natural rate of healing is unusually fast.
When hurt, damage is shared between your health and your magic reserves.
Your bite disrupts and absorbs the magic of your enemies.
Potions cannot restore your health.


Message History

The black bear claws you but does no damage.
The black bear misses you. The black bear bites you.
The black bear claws you but does no damage.
The black bear claws you.
You aren't carrying any potions.
You aren't carrying any scrolls.
You hit the black bear but do no damage.
Your bite misses the black bear.
The black bear is moderately wounded.
The black bear misses you. The black bear claws you. The black bear misses you.
You hit the black bear.
The black bear is heavily wounded.
The black bear bites you.
The black bear claws you but does no damage. x2
You closely miss the black bear.
The black bear is heavily wounded.
The black bear closely misses you. The black bear claws you.
The black bear barely misses you. x2; The black bear completely misses you.
The black bear claws you.
You hit the black bear.
The black bear is heavily wounded.
The black bear bites you.
* * * LOW HITPOINT WARNING * * *
The black bear claws you.
* * * LOW HITPOINT WARNING * * *
The black bear barely misses you. The black bear bites you.
* * * LOW HITPOINT WARNING * * *
The black bear claws you.
* * * LOW HITPOINT WARNING * * *
The black bear claws you but does no damage.
Things that are here:
a +0 flail; a gnoll corpse You punch the black bear!
You bite the black bear, but do no damage.
The black bear is severely wounded.
The black bear misses you. The black bear claws you.
* * * LOW HITPOINT WARNING * * *
The black bear claws you.
You die...

#... #. #... #. ### #... #.#
#.###... .. #...'... #.##
#.###... ..# #....)..
##.##########.#######....
......)h@).).............
......########.###.##.### .....
.........# #....... ....
########.###.##.#.# ...
#.#...<#.#.. ## #.#.#..#.#.#
#...#..#.... ############
#...#..#....
######..........######...#..#....


You could see a black bear.

Vanquished Creatures
  4 adders (D:2)
  4 gnolls (D:2)
  5 ball pythons
  2 bats
  4 endoplasms (D:1)
  2 giant cockroaches
  5 hobgoblins
  A quokka (D:1)
  6 goblins
  A kobold (D:1)
  3 rats (D:1)
37 creatures vanquished.

Notes
Turn   | Place    | Note
-------+----------+-------------------------------------------
     0 | D:1      | tkbsonic5 the Vine Stalker Monk began the quest for the
                  | Orb.
     0 | D:1      | Reached XP level 1. HP: 11/11 MP: 2/2
   189 | D:1      | Reached XP level 2. HP: 3/16 MP: 1/3
  1017 | D:1      | Reached XP level 3. HP: 20/20 MP: 4/4
  1758 | D:2      | Gained mutation: Your natural rate of healing is unusually
                  | fast. [Vine Stalker growth]
  1758 | D:2      | Reached XP level 4. HP: 24/24 MP: 3/5
  1919 | D:2      | Noticed a black bear
  1922 | D:2      | Reached skill level 4 in Unarmed Combat
  1935 | D:2      | HP: 1/25 [black bear (2)]
  1935 | D:2      | Slain by a black bear

Illustrated notes

Levels and vault maps discovered:
D:1:      sevenhm_arrival_forest_fort_large_4, layout_basic,
          chequers_serial_rivers_small_a
D:2:      layout_basic

Skill      XL: |  1  2  3  4 |
---------------+-------------+-----
Fighting       | 3 |  3.6
Stealth        | 3 |  3.5
Unarmed Combat | 4 |  4.1
Dodging        | |  2.6

Action                   |  1- 3 |  4- 6 || total
-------------------------+-------+-------++-------
Melee: Unarmed           |    85 |    20 ||   105
       Bite              |    18 |     6 ||    24
       Punch             |     1 |       ||     1
  Use: Potion            |     5 |       ||     5
       Scroll            |     2 |       ||     2
 Stab: Sleeping          |     5 |       ||     5
Armor: Robe              |    13 |     8 ||    21
Dodge: Dodged            |    53 |    20 ||    73
